 Dungeon Crawl Stone Soup version 0.29.1-15-g9cfb28693d (webtiles) character file.

Game seed: 17287583432669685466

65 ThatPearl the Trooper (level 3, 0/30 HPs)
             Began as a Demonspawn Berserker on Mar 14, 2023.
             Was a Believer of Trog.
             Slain by Sigmund
             ... wielding a +0 scythe
              (5 damage)
             ... on level 2 of the Dungeon.
             The game lasted 00:02:19 (1592 turns).

ThatPearl the Trooper (Demonspawn Berserker)        Turns: 1592, Time: 00:02:20

Health: 0/30       AC:  6    Str: 19    XL:     3   Next: 92%
Magic:  3/3        EV: 10    Int:  8    God:    Trog [**....]
Gold:   70         SH:  0    Dex: 12    Spells: 2/2 levels left

rFire   . . .      SeeInvis +   a - +0 hand axe
rCold   . . .      Faith    .   (no shield)
rNeg    . . .      Spirit   .   f - +0 scale mail
rPois   +          Reflect  .   (no helmet)
rElec   .          Harm     .   (no cloak)
rCorr   .          Rampage  .   (no gloves)
Will    .....                   (no boots)
Stlth   ..........              (no amulet)
HPRegen 0.10/turn               j - ring of see invisible
MPRegen 0.08/turn               n - ring of poison resistance

@: on berserk cooldown, slowed, very slow
A: demonic touch 2
a: Renounce Religion, Berserk, Trog's Hand


You were on level 2 of the Dungeon.
You worshipped Trog.
Trog was pleased with you.
You visited 1 branch of the dungeon, and saw 2 of its levels.

You collected 70 gold pieces.

Inventory:

Hand Weapons
 a - a +0 hand axe (weapon)
Missiles
 c - 14 stones (quivered)
 h - a throwing net
 k - 6 boomerangs
Armour
 f - a +0 scale mail (worn)
Jewellery
 j - a ring of see invisible (left hand)
 n - a ring of poison resistance (right hand)
Scrolls
 g - a scroll of noise {unknown}
 i - a scroll of amnesia {unknown}
 l - a scroll of poison {unknown}
Potions
 b - a potion of attraction {unknown}
 d - 2 potions of brilliance {unknown}
 e - a potion of heal wounds {unknown}
 m - a potion of cancellation {unknown}


   Skills:
 + Level 4.0 Fighting
 + Level 3.6 Axes
 - Level 1.7 Armour
 - Level 1.7 Dodging


You had 2 spell levels left.
You didn't know any spells.
Your spell library was empty.

Dungeon Overview and Level Annotations

Branches:
Dungeon (2/15)

Altars:

Annotations:
D:2 Sigmund


Innate Abilities, Weirdness & Mutations

Your touch may inflict irresistible damage on your foes.


Message History

Sigmund closely misses you.
You are no longer berserk.
You are exhausted.
You feel yourself slow down. Sigmund hits you with a +0 scythe.
You barely miss Sigmund. Your touch misses Sigmund.
You feel less confused. Sigmund closely misses you. Sigmund misses you.
You closely miss Sigmund. Sigmund barely misses you.
You hit Sigmund but do no damage.
You touch Sigmund!
Sigmund is heavily wounded.
Sigmund closely misses you.
You completely miss Sigmund.
Sigmund is heavily wounded.
Sigmund barely misses you.
You hit Sigmund but do no damage. Your touch misses Sigmund.
Sigmund is heavily wounded.
Sigmund closely misses you.
You hit Sigmund.
Sigmund is severely wounded.
Sigmund hits you but does no damage.
You hit Sigmund. Your touch misses Sigmund.
Sigmund is severely wounded.
Sigmund casts a spell at you.
You are confused.
Sigmund barely misses you.
You bump into the rock wall.
Sigmund hits you with a +0 scythe!
You closely miss Sigmund.
Sigmund is severely wounded.
Sigmund gestures at you while chanting. You resist with significant effort.
You closely miss Sigmund.
Sigmund is severely wounded.
Sigmund hits you with a +0 scythe!
* * * LOW HITPOINT WARNING * * *
You hit Sigmund but do no damage.
Sigmund is severely wounded.
You feel less confused. Sigmund hits you with a +0 scythe.
You die...

##.....# #P..........
#......# #.......#... #
#......#####...##..####
#.#.......#.#..........##
..........#.#.....#..####
#.#....#..#.#.##..#.#####
#................:.......
#....#....#.##..#.#####
#.....@@...............
.......#....#.......#####
#.#....#....#.....#.#....
#.........#.#:..#.#.###
#.#.##..........#.#.#
#.#. #..............# .
......###.#...#.#.# .
.............##.#.#
#.#########..##.#.#


You could see Sigmund (invisible).

Vanquished Creatures
  3 gnolls (D:2)
  An adder (D:2)
  A dart slug (D:1)
  A giant cockroach (D:1)
  4 goblins (D:1)
  4 jackals (D:1)
  3 kobolds
  2 quokkas
  3 ball pythons
  A bat (D:2)
  2 frilled lizards (D:1)
  2 rats (D:1)
27 creatures vanquished.

Notes
Turn   | Place    | Note
-------+----------+-------------------------------------------
     0 | D:1      | ThatPearl the Demonspawn Berserker began the quest for the
                  | Orb.
     0 | D:1      | Reached XP level 1. HP: 18/18 MP: 1/1
   309 | D:1      | Discovered your monstrous ancestry.
   309 | D:1      | Gained mutation: Your touch may inflict minor irresistible
                  | damage on your foes. [demonic ancestry]
   309 | D:1      | Reached XP level 2. HP: 22/24 MP: 2/2
   493 | D:1      | Found a faded altar of an unknown god.
   830 | D:2      | Gained mutation: Your touch may inflict irresistible damage
                  | on your foes. [demonic ancestry]
   830 | D:2      | Reached XP level 3. HP: 15/30 MP: 3/3
   981 | D:2      | Reached ** piety under Trog
  1100 | D:2      | Reached skill level 4 in Fighting
  1572 | D:2      | Noticed Sigmund
  1592 | D:2      | Slain by Sigmund

Illustrated notes

Levels and vault maps discovered:
D:1:      amcnicky_arrival_feature_with_door, layout_basic,
          hellmonk_ecumenical_altar_crossroads, feat_on_display
D:2:      layout_basic, minmay_misc_feat_rugged, st_stairs_6, corner_web_ring,
          cheibrodos_gnoll_hut, uniq_sigmund

Skill      XL: |  1  2  3 |
---------------+----------+-----
Axes           | 3 |  3.6
Fighting       | 4 |  4.0
Armour         | |  1.7
Dodging        | |  1.7

Action                   || total
-------------------------++-------
Melee: Hand axe          ||    71
       Touch             ||     6
       Punch             ||     1
Invok: Berserk           ||     2
 Stab: Sleeping          ||     1
Armor: Animal skin       ||     2
       Scale mail        ||    12
Dodge: Dodged            ||    46
